 Dungeon Crawl Stone Soup version 0.31-a0-1268-g048bac5 (webtiles) character file.

Game seed: 13813717820914589979

1947781 Kearsarge the Merfolkian Porcupine (level 26, 236/236 HPs)
             Began as a Merfolk Fighter on Dec 16, 2023.
             Was an Initiate of Gozag.
             Escaped with the Orb
             ... and 3 runes!
             The game lasted 01:38:12 (49332 turns).

Kearsarge the Merfolkian Porcupine (MfFi)          Turns: 49332, Time: 01:38:13

Health: 236/236    AC: 29    Str: 32    XL:     26   Next: 20%
Magic:  25/25      EV: 18    Int:  9    God:    Gozag
Gold:   1734       SH: 22    Dex: 11    Spells: 25/25 levels left

rFire   + + .        m - +9 demon trident (spect)
rCold   + + .        J - +5 Storm Queen's Shield {shock, Fly rElec}
rNeg    + . .        G - +7 gold dragon scales
rPois   +            x - +0 helmet of Calculation {+Inv rPois Regen+ Int-5}
rElec   +            k - +2 cloak
rCorr   .            H - +2 pair of gloves of the Carpenter {+Blink rElec Str+2}
SInv    .            q - +1 pair of boots "Gefo" {rPois Will+ Int+3}
Will    ++...        X - amulet of Vitality {RegenMP++ Regen++} Stlth
                     Y - ring "Velugeil" {rF+ rN+ Int+3}
HPRegen 2.99/turn    d - ring "Ykhaur" {rElec rC+ EV+5}
MPRegen 0.99/turn

%: no passive effects
@: flying, studying Invocations
A: (nimble swimmer 2), mertail, clumsy 1, high MP 1, mutation resistance 1,
strong 1
0: Orb of Zot
}: 3/15 runes: serpentine, barnacled, silver
a: Renounce Religion, Evoke Blink, Evoke Invisibility, Potion Petition, Call
Merchant, Bribe Branch


You escaped.
You worshipped Gozag.
Gozag was most pleased with you.
You visited 10 branches of the dungeon, and saw 48 of its levels.
You visited 1 bazaar.
You visited 1 ziggurat, and saw 5 of its levels.
You also visited: Gauntlet and Wizlab.

You collected 25738 gold pieces.
You spent 10900 gold pieces at shops.
You paid 13104 gold pieces to Gozag.

Inventory:

Hand Weapons
 m - a +9 spectral demon trident (weapon)
Missiles
 V - 4 throwing nets
Armour
 k - a +2 cloak (worn)
 q - the +1 pair of boots "Gefo" (worn) {rPois Will+ Int+3}
   (You bought it in a shop on level 3 of the Vaults)

   Int+3:     It affects your intelligence (+3).
   rPois:     It protects you from poison Will+: It increases your willpower.
 x - the +0 helmet of Calculation (worn) {+Inv rPois Regen+ Int-5}
   (You found it in a Gauntlet)

   Int-5:     It affects your intelligence (-5).
   rPois:     It protects you from poison +Inv: It lets you turn invisible.
   Regen+:    It increases your rate of health regeneration.
 G - +7 gold dragon scales (worn)
 H - the +2 pair of gloves of the Carpenter (worn) {+Blink rElec Str+2}
   (You bought it in a shop on level 4 of the Snake Pit)

   Str+2:     It affects your strength (+2).
   rElec:     It insulates you from electricity.
   +Blink:    It lets you blink.
 J - the +5 Storm Queen's Shield (worn) {shock, Fly rElec}
   (You found it in a Gauntlet)

   Shock:     When it blocks an attack, it may electrocute the attacker.
   This works even against foes who are a short distance away.
   rElec:     It insulates you from electricity.
   Fly:       It grants you flight.
 M - the +8 orange crystal plate armour {Archmagi, Int+3 Clar}
   (You found it in a Gauntlet)

   Int+3:     It affects your intelligence (+3).
   Clar:      It protects you from confusion, rage, mesmerisation and fear.
Jewellery
 d - the ring "Ykhaur" (right hand) {rElec rC+ EV+5}
   (You found it on level 4 of a ziggurat)

   [ring of evasion]

   EV+5:      It affects your evasion (+5).
   rC+:       It protects you from cold.
   rElec:     It insulates you from electricity.
 l - a ring of wizardry
 E - a ring of protection from cold
 I - a ring of willpower
 L - the ring "Weadyd Reeda" {Fly rN+ SInv}
   (You found it on level 2 of the Vaults)

   [ring of flight]

   rN+:       It protects you from negative energy.
   SInv:      It lets you see invisible.
   Fly:       It grants you flight.
 X - the amulet of Vitality (around neck) {RegenMP++ Regen++}
   (You bought it in a shop on level 2 of the Orcish Mines)

   [amulet of magic regeneration]

   RegenMP:   It increases your rate of magic regeneration.
   Regen++:   It increases your rate of health regeneration.
 Y - the ring "Velugeil" (left hand) {rF+ rN+ Int+3}
   (You bought it in a shop on level 2 of the Orcish Mines)

   [ring of protection from fire]

   Int+3:     It affects your intelligence (+3).
   rF+:       It protects you from fire.
   rN+:       It protects you from negative energy.
Wands
 n - a wand of charming (15)
 v - a wand of mindburst (15)
 A - a wand of digging (16)
 B - a wand of flame (84)
 S - a wand of polymorph (14)
 U - a wand of quicksilver (20)
Scrolls
 a - 4 scrolls of immolation
 g - 3 scrolls of enchant weapon
 r - a scroll of silence
 u - a scroll of blinking
 y - 6 scrolls of vulnerability
 z - 4 scrolls of amnesia
 F - 5 scrolls of noise
 K - 3 scrolls of fog
 N - 15 scrolls of teleportation
 O - 3 scrolls of summoning
 T - 3 scrolls of torment
 W - 5 scrolls of fear
 Z - 6 scrolls of poison
Potions
 b - 20 potions of curing
 c - 5 potions of invisibility
 e - 9 potions of lignification
 h - 7 potions of attraction
 i - 3 potions of enlightenment
 o - 2 potions of cancellation
 p - 5 potions of resistance
 s - 8 potions of magic
 t - 8 potions of brilliance
 w - 4 potions of might
 C - 7 potions of mutation
 D - 9 potions of berserk rage
 P - 9 potions of heal wounds
 Q - 9 potions of haste
 R - 4 potions of ambrosia
Miscellaneous
 f - a phantom mirror
 j - a box of beasts


   Skills:
 - Level 25.4 Fighting
 O Level 27 Polearms
 - Level 2.1 Armour
 O Level 27 Dodging
 + Level 26.1 Shields


You had 25 spell levels left.
You didn't know any spells.
Your spell library contained the following spells:

 Spells                   Type           Power      Damage    Failure   Level
 Apportation              Tloc           0%         N/A       100%        1
 Foxfire                  Conj/Fire      0%         2x1d4     100%        1
 Magic Dart               Conj           0%         1d3       100%        1
 Necrotise                Necr           0%         1d4       100%        1
 Sandblast                Erth           0%         2d4       100%        1
 Slow                     Hex            0%         N/A       100%        1
 Summon Small Mammal      Summ           0%         N/A       100%        1
 Blink                    Tloc           0%         N/A       100%        2
 Call Imp                 Summ           0%         N/A       100%        2
 Jinxbite                 Hex            0%         N/A       100%        2
 Lesser Beckoning         Tloc           0%         N/A       100%        2
 Passwall                 Tmut/Erth      0%         N/A       100%        2
 Searing Ray              Conj           0%         2d4       100%        2
 Static Discharge         Conj/Air       0%         3-3/arc   100%        2
 Sublimation of Blood     Necr           0%         N/A       100%        2
 Confusing Touch          Hex            0%         N/A       100%        3
 Dazzling Flash           Conj/Hex       0%         N/A       100%        3
 Gell's Gravitas          Tloc           0%         N/A       100%        3
 Mephitic Cloud           Conj/Pois/Air  0%         N/A       100%        3
 Sigil of Binding         Hex            0%         N/A       100%        3
 Stone Arrow              Conj/Erth      0%         3d7       100%        3
 Teleport Other           Tloc           0%         N/A       100%        3
 Vampiric Draining        Necr           0%         2d6       100%        3
 Airstrike                Air            0%         2d(0-16)  100%        4
 Anguish                  Hex/Necr       0%         N/A       100%        4
 Animate Armour           Summ/Erth      0%         N/A       100%        4
 Brom's Barrelling Bould  Conj/Erth      0%         2d3       100%        4
 Cause Fear               Hex            0%         N/A       100%        4
 Fulminant Prism          Conj/Hex       0%         3d5       100%        4
 Manifold Assault         Tloc           0%         N/A       100%        4
 Olgreb's Toxic Radiance  Pois           0%         N/A       100%        4
 Petrify                  Tmut/Erth      0%         N/A       100%        4
 Summon Lightning Spire   Summ/Air       0%         N/A       100%        4
 Agony                    Necr           0%         N/A       100%        5
 Alistair's Intoxication  Tmut/Pois      0%         N/A       100%        5
 Fireball                 Conj/Fire      0%         3d3       100%        5
 Irradiate                Conj/Tmut      0%         3d11      100%        5
 Iskenderun's Battlesphe  Conj           0%         2d6       100%        5
 Lee's Rapid Deconstruct  Erth           0%         3d4*      100%        5
 Silence                  Hex/Air        0%         N/A       100%        5
 Summon Forest            Summ/Tloc      0%         N/A       100%        5
 Summon Mana Viper        Hex/Summ       0%         N/A       100%        5
 Bombard                  Conj/Erth      0%         9d1       100%        6
 Conjure Ball Lightning   Conj/Air       0%         3x3d6     100%        6
 Eringya's Noxious Bog    Tmut/Pois      0%         4d6       100%        6
 Plasma Beam              Fire/Air       0%         2x1d10    100%        6
 Starburst                Conj/Fire      0%         6d3       100%        6
 Summon Cactus Giant      Summ           0%         N/A       100%        6
 Haunt                    Necr/Summ      0%         N/A       100%        7
 Orb of Destruction       Conj           0%         9d5       100%        7
 Ozocubu's Refrigeration  Ice            0%         4d7       100%        7
 Spellforged Servitor     Conj/Summ      0%         N/A       100%        7
 Borgnjor's Revivificati  Necr           0%         N/A       100%        8
 Discord                  Hex            0%         N/A       100%        8
 Ignition                 Fire           0%         3d3       100%        8
 Lehudib's Crystal Spear  Conj/Erth      0%         10d2      100%        8
 Death's Door             Necr           0%         N/A       100%        9
 Dragon's Call            Summ           0%         N/A       100%        9
 Polar Vortex             Ice            0%         N/A       100%        9
 Simulacrum               Ice/Necr       Unusable   N/A       N/A         6

Dungeon Overview and Level Annotations

Branches:
Dungeon (15/15)            Temple (1/1) D:5            Lair (5/5) D:8
 Shoals (4/4) Lair:3        Snake (4/4) Lair:2        Slime (0/5) Lair:4
    Orc (2/2) D:12            Elf (3/3) Orc:2        Vaults (5/5) D:13
  Crypt (0/3) Vaults:3     Depths (4/4) D:15            Zot (5/5) Depths:4
 WizLab (visited)         Gauntlet (visited)

Altars:
Ashenzari
Cheibriados
Dithmenos
Elyvilon
Fedhas
Gozag
Hepliaklqana
Kikubaaqudgha
Makhleb
Nemelex Xobeh
Okawaru
Qazlal
Ru
Sif Muna
Trog
Uskayaw
Vehumet
Wu Jian
Xom
Yredelemnul
Zin
The Shining One

Shops:
D:11 [   Orc:2 (?=*((   Elf:1 [?*(   Elf:3 :   Shoals:1 *   Shoals:3 [
Snake:1 !:[*   Snake:2 *[**   Snake:4 [(:   Vaults:1 [   Vaults:2 (
Vaults:3 [[   Vaults:5 !!?   Depths:1 :   Depths:4 ==:

Portals:
Hell: Depths:1 Depths:2 Depths:3 Depths:4
Abyss: Depths:3 Depths:4
Pandemonium: Depths:2 Depths:3 Depths:4

Annotations:
D:5 1 runed translucent door, Crazy Yiuf
D:10 3 runed translucent doors, gwaga3's ghost, novice FoHu; wqsa789's ghost, journeyman DEFE
Elf:2 5 runed translucent doors
Elf:3 3 runed translucent doors


Innate Abilities, Weirdness & Mutations

((You are very nimble when in or above water. (Stealth+, EV+, Speed+++)))
Your lower body shifts to a powerful aquatic tail in water.
You are clumsy. (Dex -2)
You have an increased reservoir of magic. (+10% MP)
You are somewhat resistant to further mutation.
Your muscles are strong. (Str +4, Int/Dex -1)


Message History

The ynoxinul moves out of view.
There is a stone staircase leading up here.
The ynoxinul bellows!
You fly upwards.
There is a stone staircase leading down here.
What level of the Dungeon? (default 1, ? - help)
An Orb Guardian comes into view.
You reach to attack!
You puncture the Orb Guardian!
The Orb Guardian is lightly wounded.
Your +9 spectral demon trident hits the Orb Guardian!!!
You reach to attack!
You impale the Orb Guardian!!
You kill the Orb Guardian!
Your +9 spectral demon trident disappears.
No target in view!
No target in view!
There is a stone staircase leading up here.
What level of the Dungeon? (default 1, ? - help)
You fly upwards.
There is a stone staircase leading down here.
A Tzitzimitl comes into view.
There is a stone staircase leading up here.
You fly upwards.
There is a stone staircase leading down here.
What level of the Dungeon? (default 1, ? - help)
There is a stone staircase leading up here.
You fly upwards.
There is a stone staircase leading down here.
Blink to where?
Press: ? - help, Q - select action, (/) - cycle Dir - move target
As you read the scroll of blinking, it crumbles to dust.
Blink to where?
Press: ? - help, Q - select action, (/) - cycle Dir - move target
As you read the scroll of blinking, it crumbles to dust.
Blink to where?
Press: ? - help, Q - select action, (/) - cycle Dir - move target
As you read the scroll of blinking, it crumbles to dust.
Blink to where?
Press: ? - help, Q - select action, (/) - cycle Dir - move target
As you read the scroll of blinking, it crumbles to dust.
You have escaped!

.# #.# #......... .## #.#
#....##.## ..###.# #....##.#
...##.# #.......## ....#>#
##......).
...##.###################...#####
..###.§...'...~≈≈≈≈...'.)...# #.
.## ###.####..#####..#####..# #.
## #.# #..♣♣P@P♣♣..# #..# #
#.####..♣♣.♣♣..## #..#
#.#.#♣(.....[..♣ #..#
#######..##♣.♣.~≈~.♣.♣ #.## #
).......## ♣..~~8~~..♣ #.# ###.
#######..##♣.♣.~~~.♣.♣ #.# #... #
#####.#.#♣.........♣ #.# #...
###...#.####..♣♣.♣♣..## #.# #..#
..........#..♣♣P>P♣♣..# #.# #..#


There were no monsters in sight!

Vanquished Creatures
  An ancient lich (Vaults:5)
  Mara (Depths:1)
  The ghost of Massirro the Minotaur Barricade, a veteran MiCA of Jiyva (Depths:4)
  2 Killer Klowns (Zot:5)
  Parghit (Zot:3)
  4 caustic shrikes (Depths:2)
  Jory (Vaults:4)
  5 golden dragons
  2 Tzitzimimeh
  2 bone dragons
  An electric golem (Zot:5)
  6 tentacled monstrosities
  2 doom hounds (Depths:2)
  A walking crystal tome (Depths:2)
  Zenata (Elf:1)
  9 Orb Guardians
  A Hell Sentinel (Depths:1)
  Jorgrun (Shoals:2)
  4 liches
  An Ice Fiend (Depths:4)
  5 deep elf master archers
  4 quicksilver dragons
  Grunn (Depths:2)
  5 titans (Vaults:5)
  2 deep elf blademasters (Elf:3)
  A walking divine tome (Depths:2)
  6 sphinxes
  An ancient champion (Vaults:2)
  2 death cobs
  Aizul (Snake:4)
  Kirke (Shoals:2)
  Polyphemus (Shoals:4)
  A thorn hunter (WizLab)
  5 shadow dragons
  5 tengu reavers
  7 storm dragons
  Ilsuiw (Shoals:2)
  3 fenstrider witches (WizLab)
  11 fire giants
  3 draconian scorchers (Zot:2)
  6 nagarajas
  A draconian monk (Zig:3)
  A draconian knight (Depths:4)
  A demonspawn warmonger (Zot:5)
  2 iron dragons
  2 protean progenitors (Zot:3)
  8 frost giants
  5 deep elf sorcerers
  A ghost moth (Zot:3)
  A curse skull (Vaults:2)
  3 deep elf elementalists (Elf:3)
  2 balrugs
  3 formless jellyfish
  Louise (D:14)
  16 ironbound preservers
  An orc warlord (Vaults:1)
  12 vault wardens
  4 reapers
  2 draconian annihilators
  5 spriggan defenders
  11 very ugly things
  2 war gargoyles
  8 ironbound thunderhulks
  11 stone giants
  A demonspawn black sun (Zot:5)
  4 deep elf demonologists
  An eleionoma (WizLab)
  3 vampire knights
  A wendigo (Zig:2)
  4 deep elf death magi (Elf:3)
  10 dire elephants
  A green draconian (Depths:4)
  A yellow draconian (Zot:3)
  4 black draconians
  12 deep elf annihilators
  A white draconian (Depths:4)
  A minotaur (Gauntlet)
  2 red draconians (Depths:4)
  A lorocyproca (Zot:5)
  8 spark wasps
  2 blizzard demons
  14 ettins
  A green death (Depths:1)
  4 fire dragons
  Josephine (Orc:1)
  12 merfolk impalers
  A crystal guardian (Vaults:1)
  A deep elf high priest (Vaults:5)
  25 yaktaur captains
  2 merfolk javelineers
  3 shambling mangroves (WizLab)
  2 rakshasas (Depths:1)
  6 great orbs of eyes
  6 spriggan air magi
  5 hydras
  7 ice dragons
  A ghost crab (Zig:1)
  3 merfolk aquamancers
  29 vault guards
  2 catoblepae
  2 hell beasts
  4 merfolk avatars
  4 peacekeepers
  Erica (Lair:1)
  4 salamander tyrants
  7 alligators
  6 satyrs
  3 ogre magi
  7 boulder beetles
  8 death yaks
  14 ironbound frosthearts
  13 anacondas
  16 dancing weapons
  6 alligator snapping turtles
  17 two-headed ogres
  5 deep troll shamans
  4 hell hogs (D:15)
  15 centaur warriors
  6 tengu warriors
  4 vampire magi
  15 naga warriors
  7 deep troll earth magi
  An occultist (Depths:2)
  7 spriggan berserkers
  9 deep elf knights
  11 shock serpents
  13 naga sharpshooters
  A wretched star (Gauntlet)
  7 spriggans
  Sonja (D:13)
  8 hell knights (Depths:2)
  11 salamander mystics
  7 skysharks
  A titan skeleton (Depths:1)
  21 sea snakes
  2 sixfirhies
  4 skeletal warriors (D:15)
  Lodul (D:13)
  2 goliath frogs (Snake:1)
  3 shadow wraiths
  2 flayed ghosts (Depths:3)
  34 deep trolls
  11 iron trolls
  4 glowing orange brains
  A glowing orange brain (shapeshifter) (Vaults:5)
  7 naga ritualists
  2 steelbarb worms (shapeshifter) (Vaults:5)
  10 arcanists
  A kraken simulacrum (Shoals:4)
  A swamp dragon (Zig:1)
  18 deep elf archers
  A deep troll (shapeshifter) (Vaults:5)
  23 ironbound convokers
  7 harpies
  15 lindwurms
  3 orc knights
  20 deep elf zephyrmancers
  10 phantasmal warriors
  25 deep elf pyromancers
  3 necromancers
  An oklob plant (WizLab)
  21 mana vipers
  A wolf spider (D:15)
  44 ugly things
  21 salamanders
  11 fauns
  8 cyclopes
  5 moths of wrath
  3 orc sorcerers
  A kobold blastminer (Orc:2)
  A salamander (shapeshifter) (Vaults:5)
  8 elephants
  21 manticores
  49 black mambas
  6 guardian serpents
  A black mamba (shapeshifter) (Elf:2)
  11 naga magi
  7 merfolk sirens
  A smoke demon (D:15)
  19 vault sentinels
  5 water nymphs
  A spriggan zombie (Depths:1)
  4 hellions
  An unseen horror (D:12)
  Maggie (D:7)
  12 cane toads
  An unseen horror (shapeshifter) (Elf:3)
  45 yaktaurs
  2 kobold demonologists
  3 rime drakes
  13 komodo dragons
  A komodo dragon (shapeshifter) (Vaults:5)
  4 tengu conjurers
  2 freezing wraiths
  13 trolls
  16 hornets
  22 merfolk
  7 wind drakes
  5 polar bears
  Grinder (D:5)
  6 blink frogs
  A stone giant simulacrum (Depths:1)
  A dream sheep (shapeshifter) (Vaults:5)
  17 snapping turtles
  30 slime creatures
  5 dream sheep (Shoals:4)
  2 shadows (D:11)
  2 air elementals (Elf:1)
  3 vampires
  17 water elementals
  52 yaks
  4 wyverns
  5 wraiths
  3 basilisks
  5 hogs (Shoals:2)
  2 fire elementals (Elf:2)
  3 steam dragons
  2 neqoxecs
  3 wargs
  4 vampire mosquitoes
  Menkaure (D:7)
  58 nagas
  2 swamp worms (Gauntlet)
  12 water moccasins
  2 black bears
  14 orc warriors
  A swamp drake (D:10)
  An ice beast (D:6)
  4 wolves
  29 ogres
  A boggart (Vaults:1)
  8 centaurs
  3 kobold brigands
  10 bullfrogs
  5 gnoll sergeants
  2 scorpions (D:6)
  4 earth elementals
  4 wights (D:7)
  9 killer bees
  A howler monkey (D:13)
  An electric eel (Lair:3)
  A lava snake (Snake:3)
  A crimson imp (D:10)
  2 hounds
  19 orc priests
  3 jellies
  3 sleepcaps (D:6)
  An iron imp (D:10)
  Natasha (thrice) (D:3)
  5 iguanas
  24 orc wizards
  20 gnolls
  3 adders
  2 shadow imps
  14 white imps
  An ufetubus (Vaults:4)
  2 dart slugs (D:1)
  80 orcs
  7 ball pythons
  6 bats
  8 endoplasms
  4 giant cockroaches
  3 goblins
  8 hobgoblins
  25 kobolds
  6 quokkas
  4 frilled lizards
  4 rats
1877 creatures vanquished.

Vanquished Creatures (collateral kills)
  2 ancient liches (Zot:5)
  7 Killer Klowns (Zot:5)
  An electric golem (Zot:5)
  3 tentacled monstrosities (Zot:5)
  Rupert (Snake:1)
  8 Orb Guardians (Zot:5)
  A death cob (Zot:5)
  2 draconian scorchers (Zot:5)
  2 ghost moths (Zot:5)
  A stone giant (Depths:2)
  A yellow draconian (Zot:5)
  2 purple draconians (Zot:5)
  Snorg (D:13)
  A spriggan (Depths:2)
  A sea snake (shapeshifter) (Depths:2)
  A flayed ghost (Depths:2)
  2 moths of wrath (Zot:5)
  A hornet (Depths:2)
  2 wraiths (Orc:1)
  An orc warrior (Orc:1)
  An orc wizard (Orc:1)
  3 orcs (Orc:1)
  A kobold (D:12)
46 creatures vanquished.

Vanquished Creatures (others)
  A dread lich (Zot:5)
  An ancient lich (Zot:5)
  An orb of fire (Zot:5)
  A Killer Klown (Zot:5)
  9 Orb Guardians (Zot:5)
  A death cob (Zot:5)
  A purple draconian (Zot:5)
  A yellow draconian (Zot:5)
  A white draconian (Zot:5)
  A deep elf knight (Elf:2)
  2 deep elf zephyrmancers
  A moth of wrath (Zot:5)
  A guardian serpent (Zig:4)
  A frost giant simulacrum (Zig:2)
  3 yaks (D:12)
  An orc (Orc:1)
  66 spectral weapons
  4 tentacles (Shoals:4)
97 creatures vanquished.

Grand Total: 2020 creatures vanquished

Notes
Turn   | Place    | Note
-------+----------+-------------------------------------------
     0 | D:1      | Kearsarge the Merfolk Fighter began the quest for the Orb.
     0 | D:1      | Reached XP level 1. HP: 18/18 MP: 1/1
    28 | D:1      | Reached XP level 2. HP: 23/24 MP: 2/2
   102 | D:1      | Reached XP level 3. HP: 29/30 MP: 3/3
  1292 | D:2      | Reached XP level 4. HP: 37/37 MP: 4/4
  1447 | D:2      | Found a faded altar of an unknown god.
  1625 | D:3      | Noticed Natasha
  1629 | D:3      | Killed Natasha
  1630 | D:3      | Reached skill level 5 in Polearms
  1711 | D:3      | Noticed Natasha
  1740 | D:3      | Killed Natasha
  1741 | D:3      | Reached XP level 5. HP: 30/43 MP: 5/5
  2093 | D:3      | Noticed Natasha
  2098 | D:3      | Killed Natasha
  2245 | D:4      | Found a snail-covered altar of Cheibriados.
  2246 | D:4      | Found a shadowy altar of Dithmenos.
  2267 | D:4      | Found a hide-covered altar of Uskayaw.
  2270 | D:4      | Found a burning altar of Makhleb.
  2648 | D:4      | Reached XP level 6. HP: 44/50 MP: 6/6
  2650 | D:4      | Reached skill level 5 in Fighting
  2769 | D:4      | Found a shimmering altar of Xom.
  2770 | D:4      | Found a hazy altar of Hepliaklqana.
  2771 | D:4      | Noticed a spectral ugly thing
  2933 | D:5      | Entered Level 5 of the Dungeon
  2975 | D:5      | Found a sparkling altar of Nemelex Xobeh.
  2975 | D:5      | Found a shimmering blue altar of Sif Muna.
  3025 | D:5      | Noticed Grinder
  3028 | D:5      | Paralysed by Grinder for 5 turns
  3047 | D:5      | Killed Grinder
  3048 | D:5      | Reached XP level 7. HP: 36/56 MP: 7/7
  3097 | D:5      | Found a staircase to the Ecumenical Temple.
  3104 | Temple   | Entered the Ecumenical Temple
  3121 | Temple   | Became a worshipper of Gozag Ym Sagoz the Greedy
  3276 | D:5      | Found a runed translucent door.
  3277 | D:5      | Noticed Crazy Yiuf
  3881 | D:6      | Reached XP level 8. HP: 57/65 MP: 8/8
  4056 | D:6      | Reached skill level 10 in Polearms
  5136 | D:7      | Noticed Maggie
  5150 | D:7      | Reached XP level 9. HP: 62/74 MP: 9/9
  5296 | D:7      | Identified the +5 scale mail of Uskayaw's Vengeance {Dex+3}
  5422 | D:7      | Killed Maggie
  5609 | D:7      | Noticed Menkaure
  5614 | D:7      | Killed Menkaure
  5993 | D:8      | Noticed a hornet
  6000 | D:8      | Killed a hornet
  6001 | D:8      | Reached XP level 10. HP: 59/83 MP: 10/10
  6529 | D:8      | Reached skill level 15 in Polearms
  6707 | D:8      | Found a staircase to the Lair.
  7255 | D:8      | Reached skill level 10 in Fighting
  8246 | D:10     | Entered Level 10 of the Dungeon
  8825 | D:10     | Found a runed translucent gate.
  8826 | D:10     | Found a runed translucent gate.
  8827 | D:10     | Found a runed translucent gate.
  8900 | D:10     | Noticed a deep elf pyromancer
  8902 | D:10     | Noticed a deep elf pyromancer
  8911 | D:10     | Killed a deep elf pyromancer
  8912 | D:10     | Reached XP level 11. HP: 72/92 MP: 11/11
  8915 | D:10     | Killed a deep elf pyromancer
  9133 | D:10     | Noticed gwaga3's ghost (novice FoHu)
  9133 | D:10     | Noticed wqsa789's ghost (journeyman DEFE)
  9531 | D:11     | Noticed a purple ugly thing
  9627 | D:12     | Noticed a tengu warrior
  9631 | D:12     | Noticed a two-headed ogre
  9634 | D:12     | Found a frozen archway.
  9634 | D:12     | Noticed a deep elf pyromancer
  9821 | D:12     | Killed a tengu warrior
  9897 | D:12     | Gained mutation: Your muscles are strong. (Str +4, Int/Dex
                  | -1) [potion of mutation]
  9897 | D:12     | Gained mutation: You are clumsy. (Dex -2) [potion of
                  | mutation]
  9897 | D:12     | Gained mutation: You have an increased reservoir of magic.
                  | (+10% MP) [potion of mutation]
  9897 | D:12     | Gained mutation: You are somewhat resistant to further
                  | mutation. [potion of mutation]
  9905 | D:12     | Killed a deep elf pyromancer
  9917 | D:12     | Noticed a two-headed ogre
  9922 | D:12     | Noticed a two-headed ogre
  9933 | D:12     | Killed a two-headed ogre
  9933 | D:12     | Killed a two-headed ogre
  9933 | D:12     | Killed a two-headed ogre
  9934 | D:12     | Reached XP level 12. HP: 68/103 MP: 13/13
 10847 | D:12     | Found a staircase to the Orcish Mines.
 11173 | D:11     | Noticed a boulder beetle
 11233 | D:12     | Killed a boulder beetle
 11517 | D:11     | Reached skill level 1 in Dodging
 11920 | Orc:1    | Entered Level 1 of the Orcish Mines
 11920 | Orc:1    | Noticed Josephine
 12030 | Lair:1   | Entered Level 1 of the Lair of Beasts
 12091 | Lair:1   | Reached skill level 5 in Dodging
 12413 | Lair:1   | Found a hide-covered altar of Uskayaw.
 12413 | Lair:1   | Found an ornate altar of the Wu Jian Council.
 12413 | Lair:1   | Noticed a boulder beetle
 12575 | Lair:1   | Noticed Erica
 12620 | Lair:1   | Reached XP level 13. HP: 49/111 MP: 14/14
 12650 | Lair:1   | Reached skill level 10 in Dodging
 12941 | Lair:1   | Killed Erica
 13996 | Lair:2   | Found a staircase to the Snake Pit.
 15215 | Lair:3   | Found a staircase to the Shoals.
 15833 | Lair:4   | Reached skill level 15 in Dodging
 16261 | Lair:4   | Found a broken altar of Ashenzari.
 16321 | Lair:4   | Found a staircase to the Slime Pits.
 16715 | Lair:5   | Entered Level 5 of the Lair of Beasts
 16724 | Lair:5   | Reached skill level 5 in Shields
 17126 | Lair:5   | Reached XP level 14. HP: 78/118 MP: 15/15
 18256 | Lair:5   | Found the +8 trident of the Octopus King {venom, rElec
                  | rPois}
 18439 | Lair:5   | Reached skill level 10 in Shields
 19197 | D:11     | Bought the +5 moon troll leather armour {Spirit, Regen++
                  | MP+5} for 2499 gold pieces
 19197 | D:11     | Found the +5 moon troll leather armour {Spirit, Regen++
                  | MP+5}
 19308 | Orc:1    | Killed Josephine
 19357 | Orc:1    | You fall into a shaft and drop 1 floor!
 19357 | Orc:2    | Entered Level 2 of the Orcish Mines
 19492 | Orc:2    | Found Butaru's Weapon Boutique.
 19503 | Orc:2    | Found a staircase to the Elven Halls.
 19528 | Orc:2    | Reached XP level 15. HP: 124/124 MP: 16/16
 19580 | Orc:2    | Found Lety's Magic Scroll Boutique.
 19587 | Orc:2    | Found Woockug's Assorted Antiques.
 19598 | Orc:2    | Found Kinutu's Weapon Shop.
 19638 | Orc:2    | Bought a scroll labelled LINAIFR HOAT for 34 gold pieces
 19653 | Orc:2    | Bought a scroll of enchant weapon for 105 gold pieces
 19653 | Orc:2    | Bought a scroll of blinking for 105 gold pieces
 19653 | Orc:2    | Bought a scroll of immolation for 56 gold pieces
 19653 | Orc:2    | Bought a scroll of summoning for 133 gold pieces
 19938 | Orc:2    | Found Lihisalu's Weapon Shop.
 20777 | Orc:2    | Bought a pair of glowing gloves for 255 gold pieces
 20954 | D:13     | Identified the +9 sling of Doomi {elec, Str+3}
 21008 | D:13     | Found a gate to the Vaults.
 21169 | D:13     | Noticed Sonja
 21195 | D:13     | Killed Sonja
 21226 | D:13     | Noticed Snorg
 21238 | D:13     | Killed Snorg
 21281 | D:13     | Noticed Lodul
 21307 | D:13     | Killed Lodul
 21308 | D:13     | Reached skill level 15 in Fighting
 21668 | D:14     | Found a gate leading to a gauntlet.
 21689 | Gauntlet | Entered a Gauntlet
 21689 | Gauntlet | Found a transporter.
 21689 | Gauntlet | Found a transporter.
 21689 | Gauntlet | Found a transporter.
 21704 | Gauntlet | Found a transporter.
 21704 | Gauntlet | Found a transporter.
 21712 | Gauntlet | Found a transporter.
 21716 | Gauntlet | Found a transporter.
 21723 | Gauntlet | Found a transporter.
 21741 | Gauntlet | Found a transporter.
 21746 | Gauntlet | Found a transporter.
 21749 | Gauntlet | Found a transporter.
 21763 | Gauntlet | Found a transporter.
 21811 | Gauntlet | Found the +3 hat of Pondering {ponderous, Will+ MP+10
                  | Int+5}
 21904 | Gauntlet | Identified the +0 helmet of Calculation {+Inv rPois Regen+
                  | Int-5}
 21998 | Gauntlet | Identified the +0 cloak "Satoeph" {Dex+3}
 22010 | Gauntlet | Identified the +9 flail "Ozin" {heavy, rElec rN+ Str+5
                  | Dex-3}
 22026 | Gauntlet | Found the +5 Storm Queen's Shield {shock, Fly rElec}
 22026 | Gauntlet | Found the +8 orange crystal plate armour {Archmagi, Int+3
                  | Clar}
 22032 | Gauntlet | Identified the +9 falchion of Zichieq {flame, Str+3}
 22600 | D:14     | Noticed Louise
 22618 | D:14     | Killed Louise
 22702 | D:15     | Entered Level 15 of the Dungeon
 22798 | D:15     | Found a flickering gateway to a bazaar.
 22821 | Bazaar   | Entered a bazaar
 22821 | Bazaar   | Found Newninua's Jewellery Shoppe.
 22821 | Bazaar   | Found Niast's Distillery.
 22823 | Bazaar   | Found Ylav's Distillery.
 22833 | Bazaar   | Bought a potion of cancellation for 72 gold pieces
 22833 | Bazaar   | Bought 2 potions of berserk rage for 90 gold pieces
 22833 | Bazaar   | Bought a potion of resistance for 90 gold pieces
 22833 | Bazaar   | Bought a potion of invisibility for 72 gold pieces
 22833 | Bazaar   | Bought a potion of berserk rage for 45 gold pieces
 22833 | Bazaar   | Bought 2 potions of haste for 180 gold pieces
 22833 | Bazaar   | Bought a potion of cancellation for 72 gold pieces
 22833 | Bazaar   | Bought a potion of might for 36 gold pieces
 22839 | Bazaar   | Found Soirgh's Distillery.
 22843 | Bazaar   | Bought a potion of haste for 150 gold pieces
 22843 | Bazaar   | Bought a potion of lignification for 45 gold pieces
 22843 | Bazaar   | Bought a potion of haste for 150 gold pieces
 22843 | Bazaar   | Bought a potion of curing for 45 gold pieces
 22843 | Bazaar   | Bought a potion of curing for 45 gold pieces
 22847 | Bazaar   | Bought a potion of lignification for 27 gold pieces
 22847 | Bazaar   | Bought a potion of might for 36 gold pieces
 22847 | Bazaar   | Bought 2 potions of invisibility for 144 gold pieces
 22847 | Bazaar   | Bought a potion of heal wounds for 45 gold pieces
 22847 | Bazaar   | Bought a potion of mutation for 72 gold pieces
 22847 | Bazaar   | Bought a potion of resistance for 90 gold pieces
 22847 | Bazaar   | Bought a potion of lignification for 27 gold pieces
 22847 | Bazaar   | Bought a potion of haste for 90 gold pieces
 23412 | D:15     | Reached XP level 16. HP: 105/141 MP: 17/17
 23467 | D:15     | Found a staircase to the Depths.
 23762 | Snake:1  | Entered Level 1 of the Snake Pit
 24188 | Snake:1  | Noticed Rupert
 24198 | Snake:1  | Killed Rupert
 24261 | Snake:1  | Noticed a nagaraja
 24277 | Snake:1  | Killed a nagaraja
 24363 | Snake:1  | Found Tuchen's Antique Armour Shop.
 24363 | Snake:1  | Found Ikhix's Book Boutique.
 24365 | Snake:1  | Found Nialeedd's General Store.
 24369 | Snake:1  | Found Kazehue's Distillery.
 24375 | Snake:1  | Bought a potion of haste for 130 gold pieces
 24375 | Snake:1  | Bought a potion of might for 52 gold pieces
 24375 | Snake:1  | Bought a potion of might for 52 gold pieces
 25515 | Snake:2  | Found Vajuesutae's Antique Armour Boutique.
 25518 | Snake:2  | Bought a smoking scarf for 400 gold pieces
 25518 | Snake:2  | Identified the scarf "Ejecs" {shadows, +Blink rElec Will-
                  | Stlth+} (You bought it in a shop on level 2 of the Snake
                  | Pit)
 25588 | Snake:2  | Reached XP level 17. HP: 149/156 MP: 18/18
 25711 | Snake:2  | Identified the +9 falchion "Kearsarge's Doom" {heavy,
                  | Dex+3}
 25728 | Snake:2  | Found Daponoxy's Mass Market.
 26056 | Snake:2  | Found Raclug's Assorted Antiques.
 26183 | Snake:2  | Found Equhud's Assorted Antiques.
 27449 | Orc:2    | Bought the amulet of Vitality {RegenMP++ Regen++} for 1900
                  | gold pieces
 27449 | Orc:2    | Found the amulet of Vitality {RegenMP++ Regen++}
 27708 | Snake:4  | Entered Level 4 of the Snake Pit
 27708 | Snake:4  | Identified the serpent talisman of the Moon {*Corrode
                  | Dex+7}
 27708 | Snake:4  | Noticed Aizul
 27709 | Snake:4  | Found an ornate altar of the Wu Jian Council.
 27721 | Snake:4  | Killed Aizul
 27925 | Snake:4  | Found Jeimual's Book Emporium.
 27927 | Snake:4  | Found Deqer's Antique Weapon Shoppe.
 27929 | Snake:4  | Found Cuom's Antique Armour Emporium.
 28029 | Snake:4  | Found the dreamshard necklace {Acrobat *Dream}
 28221 | Snake:4  | Reached XP level 18. HP: 145/168 MP: 19/19
 28735 | Snake:4  | Got a serpentine rune of Zot
 28869 | Snake:4  | Bought a pair of slimy gloves for 351 gold pieces
 28869 | Snake:4  | Identified the +2 pair of gloves of the Carpenter {+Blink
                  | rElec Str+2} (You bought it in a shop on level 4 of the
                  | Snake Pit)
 29021 | Shoals:1 | Entered Level 1 of the Shoals
 29083 | Shoals:1 | Found Ijeyclie's CLEARANCE SALE!.
 29099 | Shoals:1 | Bought a potion of haste for 40 gold pieces
 29099 | Shoals:1 | Bought a scroll of revelation for 30 gold pieces
 29099 | Shoals:1 | Bought a scroll of teleportation for 12 gold pieces
 29900 | Orc:2    | Bought the ring "Velugeil" {rF+ rN+ Int+3} for 807 gold
                  | pieces
 30164 | Shoals:2 | Noticed Jorgrun
 30189 | Shoals:2 | Killed Jorgrun
 30277 | Shoals:2 | Noticed Kirke
 30328 | Shoals:2 | Killed Kirke
 30556 | Shoals:2 | Noticed Ilsuiw
 30570 | Shoals:2 | Killed Ilsuiw
 30987 | Shoals:3 | Found Fafrag's Armour Emporium.
 31311 | Shoals:3 | Reached XP level 19. HP: 178/178 MP: 20/20
 31429 | Shoals:4 | Entered Level 4 of the Shoals
 31693 | Shoals:4 | Identified the ring "Doucaut" {MP+9 Str+2}
 31729 | Shoals:4 | Got a barnacled rune of Zot
 31964 | Shoals:4 | Noticed Polyphemus
 31990 | Shoals:4 | Killed Polyphemus
 32199 | Shoals:4 | Identified the maw talisman of Dogmatism {*Slow rN+++ Str-3
                  | SInv}
 32871 | Elf:1    | Entered Level 1 of the Elven Halls
 32986 | Elf:1    | Found Deoxt's Assorted Antiques.
 32990 | Elf:1    | Bought a scroll of teleportation for 90 gold pieces
 33104 | Elf:1    | Noticed Zenata
 33260 | Elf:1    | Found Fama's Magic Scroll Shoppe.
 33263 | Elf:1    | Bought a scroll of blinking for 135 gold pieces
 33263 | Elf:1    | Bought a scroll of fear for 72 gold pieces
 33263 | Elf:1    | Bought a scroll of teleportation for 54 gold pieces
 33263 | Elf:1    | Bought a scroll of teleportation for 54 gold pieces
 33263 | Elf:1    | Bought a scroll of fear for 72 gold pieces
 33333 | Elf:1    | Found Asaelun's Weapon Boutique.
 33449 | Elf:1    | Killed Zenata
 33960 | Elf:2    | Found a magical portal.
 33971 | WizLab   | Entered Eringya's Formal Garden
 34321 | WizLab   | Paralysed by a fenstrider witch for 5 turns
 34340 | WizLab   | Reached XP level 20. HP: 94/190 MP: 12/22
 34625 | WizLab   | Found a blossoming altar of Fedhas.
 34637 | WizLab   | Got Eringya's Almanac of the Coward
 34798 | Elf:2    | Reached skill level 27 in Polearms
 35123 | Elf:2    | Found a huge runed translucent gate.
 35123 | Elf:2    | Found a huge runed translucent gate.
 35123 | Elf:2    | Found a huge runed translucent gate.
 35132 | Elf:2    | Found a huge runed translucent gate.
 35146 | Elf:2    | Found a huge runed translucent gate.
 35214 | Elf:3    | Entered Level 3 of the Elven Halls
 35340 | Elf:3    | Found a runed translucent gate.
 35340 | Elf:3    | Found a runed translucent gate.
 35340 | Elf:3    | Found a runed translucent gate.
 35446 | Elf:3    | Found Ebeen's Book Shoppe.
 35968 | Elf:3    | Identified the +1 long sword of Peinuomo {speed, Str+3
                  | Dex+2}
 36239 | Elf:3    | Identified the +11 mace "Ulipnyn" {spect, Will+ rCorr
                  | Dex+4}
 36239 | Elf:3    | Identified the +11 dagger "Cyown" {flame, Str+5}
 36280 | Elf:3    | Identified the staff of the Bedazzling Gods {rElec rF- rN+
                  | Dex+4 Summ Necro}
 36300 | Elf:3    | Identified the +10 arbalest "Kearsarge's Doom" {freeze,
                  | *Slow rC+++ Str-4 Dex+5}
 36319 | Elf:3    | Identified the +7 rapier "Killer Klown's Doom" {elec, rF+
                  | Dex+3}
 36323 | Elf:3    | Identified the +0 long sword "Mogheown" {freeze, Will++}
 36325 | Elf:3    | Identified the +0 scimitar "Duzigaph" {protect, *Rage rElec
                  | rC++ Will+}
 36361 | Elf:3    | Got the Almanac of the Oath
 36638 | Vaults:1 | Entered Level 1 of the Vaults
 36957 | Vaults:1 | Reached XP level 21. HP: 199/199 MP: 23/23
 37382 | Vaults:1 | Identified the +6 arbalest "Fenelimi" {heavy, rCorr MP+9
                  | Dex+2}
 38103 | Vaults:2 | Reached skill level 15 in Shields
 38599 | Vaults:2 | Identified the +3 leather armour "Cihoafib" {rElec rN+
                  | Regen+ Dex+2}
 38599 | Vaults:2 | Identified the +4 hand axe "Oviqur" {pain, Fly}
 38826 | Vaults:2 | Found Juum's Antique Weapon Emporium.
 38878 | Vaults:2 | Identified the ring "Weadyd Reeda" {Fly rN+ SInv}
 38888 | Vaults:2 | Identified the ring "Cuoklun" {rC- rN+ Int+8 Slay-2}
 39462 | Vaults:3 | Paralysed by a formless jellyfish for 1 turns
 39485 | Vaults:3 | Found Reho Fecs's Armour Shop.
 39494 | Vaults:3 | Bought a +1 pair of boots of flying for 198 gold pieces
 39678 | Vaults:3 | Bought the +1 pair of boots "Gefo" {rPois Will+ Int+3} for
                  | 749 gold pieces
 39889 | Vaults:3 | Reached XP level 22. HP: 206/206 MP: 24/24
 40282 | Vaults:3 | Found a staircase to the Crypt.
 40553 | Vaults:3 | Identified the +8 mace of Red Wine {spect, rElec Will+
                  | Int+3}
 40913 | Vaults:4 | Identified the ring "Utewk" {Int+2 SInv}
 40963 | Vaults:4 | Noticed Jory
 40981 | Vaults:4 | Killed Jory
 41859 | Vaults:4 | Identified the +3 pair of boots of Theory {rC+ MP-9 Stlth+}
 41931 | Vaults:5 | Entered Level 5 of the Vaults
 42176 | Vaults:5 | Reached XP level 23. HP: 195/213 MP: 25/25
 42250 | Vaults:5 | Found Tiaddiqa's Magic Scroll Shoppe.
 42322 | Vaults:5 | Found Jagefior's Distillery.
 42326 | Vaults:5 | Bought a potion of haste for 140 gold pieces
 42326 | Vaults:5 | Bought a potion of invisibility for 112 gold pieces
 42330 | Vaults:5 | Found Meexty's Distillery.
 42334 | Vaults:5 | Bought a potion of invisibility for 160 gold pieces
 42334 | Vaults:5 | Bought a potion of lignification for 60 gold pieces
 42334 | Vaults:5 | Bought a potion of lignification for 60 gold pieces
 42342 | Vaults:5 | Found Cuito's Magic Scroll Shop.
 42347 | Vaults:5 | Bought a scroll of blinking for 142 gold pieces
 42347 | Vaults:5 | Bought a scroll of revelation for 142 gold pieces
 42347 | Vaults:5 | Bought a scroll of immolation for 76 gold pieces
 42386 | Vaults:5 | Noticed a golden dragon
 42395 | Vaults:5 | Killed a golden dragon
 42409 | Vaults:5 | Noticed an ancient lich
 42416 | Vaults:5 | Killed an ancient lich
 42552 | Vaults:5 | Identified the staff "Zinulast" {rC+ Dex+3 Summ Ice}
 42615 | Vaults:5 | Identified the ring of Suspicion {rElec rF+ Will+++ Str-3
                  | Slay-6}
 42864 | Vaults:5 | Identified the staff of the Inviting Mosquito {^Fragile
                  | rPois Str+5 Necro Poison}
 42869 | Vaults:5 | Got a silver rune of Zot
 43064 | Vaults:5 | Noticed a golden dragon
 43067 | Vaults:5 | Killed a golden dragon
 43119 | Vaults:5 | Identified the +7 falchion of Winur {heavy, Int+3 Dex+2}
 43543 | Depths:1 | Entered Level 1 of the Depths
 43627 | Depths:1 | Identified the amulet "Usegag" {RegenMP rF+ Regen+ Int+2}
 43851 | Depths:1 | Found Yqehuob's Book Shop.
 43934 | Depths:1 | Noticed Mara
 43946 | Depths:1 | Noticed Kearsarge's illusion
 44081 | Depths:1 | Found a gateway to Hell.
 44296 | Depths:1 | Reached skill level 27 in Dodging
 44297 | Depths:1 | Noticed Kearsarge's illusion
 44331 | Depths:1 | Killed Mara
 44498 | Depths:2 | Noticed Grunn
 44548 | Depths:2 | Reached XP level 24. HP: 220/221 MP: 25/25
 44816 | Depths:2 | Noticed a caustic shrike
 44820 | Depths:2 | Noticed a caustic shrike
 44828 | Depths:2 | Killed a caustic shrike
 44831 | Depths:2 | Noticed a caustic shrike
 44834 | Depths:2 | Killed a caustic shrike
 44839 | Depths:2 | Noticed a caustic shrike
 44848 | Depths:2 | Killed a caustic shrike
 44852 | Depths:2 | Killed a caustic shrike
 44978 | Depths:2 | Killed Grunn
 45734 | Depths:2 | Found a one-way gate leading to the halls of Pandemonium.
 46216 | Depths:3 | Found a one-way gate to the infinite horrors of the Abyss.
 46398 | Depths:3 | Found a blossoming altar of Fedhas.
 46647 | Depths:3 | Reached XP level 25. HP: 228/228 MP: 25/25
 46710 | Depths:4 | Entered Level 4 of the Depths
 46826 | Depths:4 | Found Zoquaph's Jewellery Boutique.
 46827 | Depths:4 | Found Taicot's Book Shoppe.
 46828 | Depths:4 | Found Heidamay's Jewellery Boutique.
 46910 | Depths:4 | Found a runed translucent door.
 46910 | Depths:4 | Noticed Massirro's ghost (veteran MiCA)
 47013 | Depths:4 | Found a glowing golden altar of the Shining One.
 47063 | Depths:4 | Found a gate to the Realm of Zot.
 47251 | Depths:4 | Found a one-way gateway to a ziggurat.
 47288 | Zig:1    | Entered Level 1 of a ziggurat
 47304 | Zig:2    | Entered Level 2 of a ziggurat
 47333 | Zig:3    | Entered Level 3 of a ziggurat
 47407 | Zig:4    | Entered Level 4 of a ziggurat
 47437 | Zig:4    | Identified the ring "Ykhaur" {rElec rC+ EV+5}
 47456 | Zig:5    | Entered Level 5 of a ziggurat
 47606 | Depths:4 | Killed Massirro's ghost
 47708 | Zot:1    | Entered Level 1 of the Realm of Zot
 48166 | Zot:4    | Noticed Parghit
 48181 | Zot:3    | Killed Parghit
 48215 | Zot:4    | Identified the +0 chain mail of Torghusi {rF+}
 48226 | Zot:5    | Entered Level 5 of the Realm of Zot
 48526 | Zot:5    | Noticed a dread lich
 48533 | Zot:5    | Noticed a Killer Klown
 48544 | Zot:5    | Killed a Killer Klown
 48560 | Zot:5    | Noticed an orb of fire
 48569 | Zot:5    | Noticed a Killer Klown
 48570 | Zot:5    | Noticed an orb of fire
 48571 | Zot:5    | Noticed a Killer Klown
 48571 | Zot:5    | Noticed a Killer Klown
 48575 | Zot:5    | Killed a Killer Klown
 48581 | Zot:5    | Killed an ancient lich
 48608 | Zot:5    | Killed a Killer Klown
 48622 | Zot:5    | Noticed a Killer Klown
 48628 | Zot:5    | Killed a Killer Klown
 48629 | Zot:5    | Killed a Killer Klown
 48631 | Zot:5    | Noticed a Killer Klown
 48636 | Zot:5    | Noticed a Killer Klown
 48638 | Zot:5    | Killed a Killer Klown
 48640 | Zot:5    | Killed a Killer Klown
 48641 | Zot:5    | Noticed an orb of fire
 48648 | Zot:5    | Got the Orb of Zot
 48671 | Zot:5    | Killed an ancient lich
 48671 | Zot:5    | Killed a Killer Klown
 48680 | Zot:5    | Killed a Killer Klown
 48682 | Zot:5    | Killed a Killer Klown
 48718 | Zot:5    | Killed an ancient lich
 48719 | Zot:5    | Reached XP level 26. HP: 236/236 MP: 25/25
 49131 | D:15     | Noticed Ceumuff the pandemonium lord
 49177 | D:11     | Noticed Plog the pandemonium lord
 49281 | D:5      | Noticed Woero the pandemonium lord
 49332 | D:$      | Escaped with the Orb!

Illustrated notes

Levels and vault maps discovered:
D:1:      tarquinn_simple_flora_water_b, layout_loops_ring
D:2:      layout_basic, hellmonk_ecumenical_altar_inner_sanctum,
          roderic_serpentine_path, dreamdust_princess_bridge
D:3:      layout_basic, uniq_natasha
D:4:      layout_basic, regret_index_temple_of_mockery,
          nicolae_overflow_macrodata_refinement
D:5:      layout_cave_pools, gammafunk_temple_overflow_statue,
          minmay_temple_entry_slanted, uniq_crazy_yiuf_cottage, uniq_grinder
D:6:      layout_gridville
D:7:      layout_rooms, uniq_maggie, uniq_menkaure
D:8:      layout_basic, david_lair_shrubbed
D:9:      layout_cave_pools
D:10:     layout_basic, gammafunk_ghost_cemetery, hangedman_minor_magic
D:11:     layout_rooms
D:12:     layout_basic, kennysheep_orc_monster_closet_entryway,
          portal_ice_cave_entry_imps, kennysheep_generic_room_3
D:13:     layout_basic, erik_vaults_1, uniq_sonja, uniq_lodul, uniq_snorg
D:14:     layout_loops_ring, gauntlet_entry_generic, uniq_louise
D:15:     hellmonk_depths_entry_around_the_bend, layout_irregular_city,
          serial_shops, bzr_entry_customers, ebering_dispersal_statue_hall
Temple:   zaba_magenta_temple
Lair:1:   layout_cave_shapes, nzn_masters_of_martial_movement,
          lemuel_fruit_tree, uniq_erica
Lair:2:   layout_big_grid, alex1729_snake_entry_snake
Lair:3:   layout_loops_ring, minmay_shoals_entry_hut,
          pdpol_lair_neglected_garden, chequers_serial_rivers_small_3
Lair:4:   layout_cave_pods, slime_entry_1, basic_altar
Lair:5:   gammafunk_lair_ancient_temple, layout_small_grid
Shoals:1: layout_shoals, nicolae_shop_clearance
Shoals:2: layout_shoals, nicolae_shoals_stone_sculpture_thing, uniq_ilsuiw,
          uniq_kirke, uniq_jorgrun
Shoals:3: layout_shoals, nicolae_shoals_c_island
Shoals:4: shoals_end_grunt_ice, layout_shoals, uniq_polyphemus
Snake:1:  layout_chambers, nicolae_snake_herptile_family_reunion,
          minmay_shoptagon, uniq_rupert
Snake:2:  layout_rooms, serial_shops, shop, shop, nicolae_shop_window_shopping,
          minmay_shop_mass, nicolae_snake_springs, grunt_megastairs_5
Snake:3:  layout_basic, serial_bayou_pond_b
Snake:4:  johnstein_snake_rune_scales, layout_rooms, basic_altar,
          serial_bayou_lagoon_a, minmay_shop_star, grunt_megastairs_2,
          uniq_aizul
Orc:1:    layout_caves, basic_altar, nicolae_orc_tapped_out, uniq_josephine
Orc:2:    st_orc_open, layout_caves, serial_shops, shop
Elf:1:    layout_geoelf_octagon, serial_shops, nicolae_shop_trees, shop,
          nicolae_shop_rolled_up, evilmike_minifort, dk_noncrumbling_3,
          serial_library_hellmonk_reading_circle, uniq_zenata
Elf:2:    elven_hall_of_blades_hangedman_alternative
          [nicolae_blade_little_rooms], layout_geoelf_octagon,
          infiniplex_enter_wizlab_water, nicolae_elf_stone_circles,
          lemuel_upstairs_altar
Elf:3:    elf_hall, layout_geoelf_octagon,
          ploomutoo_gammafunk_ghost_potion_laboratory, serial_shops,
          nicolae_shop_window_shopping, minmay_misc_feat_columns,
          grunt_ministairs_11, dk_noncrumbling_2
Vaults:1: nicolae_vaults_twisting_passages, v_pattern_2,
          nicolae_vaults_sightless_eye, vaults_standard_mumra_enter_the_diamond,
          nicolae_vaults_storage_closets_3, vaults_room_semicircle,
          nicolae_vaults_network_star, nicolae_vaults_trapezoid_1,
          vaults_mumra_bighexcomb, nicolae_vaults_little_squares_5,
          serial_library_hellmonk_semicircle, nicolae_vaults_tetromino_L_1,
          nicolae_vaults_diagonal_hallway_6, layout_vaults_maze_snakey
Vaults:2: ontoclasm_vaults_ring_large, nicolae_vaults_trapezoid_layered,
          hangedman_vaults_stretched_pinwheel, vaults_room_semicircle, v_misc_2,
          vaults_dpeg_emergency_exit, ontoclasm_vaults_idyll,
          nicolae_vaults_storing_the_good_stuff, layout_vaults_quadrants,
          serial_shops, shop
Vaults:3: nicolae_vaults_little_ls, nicolae_vaults_apartment_1,
          nicolae_vaults_storage_closets_2, nicolae_vaults_shrinking_rooms_2,
          nicolae_vaults_big_angled_halls, ontoclasm_vaults_hangar,
          vaults_mumra_minichess, minmay_crypt_entry_simple_box,
          nicolae_vaults_double_plus_1, vaults_dpeg_diagonal,
          nicolae_vaults_three_branches, layout_vaults_chaotic_city,
          serial_shops, nicolae_shop_gibbet_a_chance
Vaults:4: nicolae_vaults_c_with_doors, ontoclasm_vaults_gateway,
          vaults_mumra_hex, hangedman_vaults_variations,
          nicolae_vaults_little_squares_5, nicolae_vaults_shrinking_rooms_1,
          vaults_mumra_chevron, hangedman_vaults_river_flow,
          grunt_vaults_diagonal, vaults_room_stairs_pillars, serial_ice_b,
          nicolae_vaults_little_squares_1, layout_vaults_ring, uniq_jory
Vaults:5
Depths:1: layout_big_octagon, serial_shops, nicolae_shop_peninsula,
          pf_dread_powers_of_hell, kennysheep_generic_room_10,
          grunt_megastairs_3, uniq_mara
Depths:2: grunt_runaround [grunt_runaround_doors_1, grunt_runaround_doors_2,
          grunt_runaround_doors_3, grunt_runaround_doors_4,
          grunt_runaround_loot], hell_entry, pan_entry, uniq_grunn
Depths:3: minmay_haunted_quarter, layout_gridlike, hangedman_coc_ice_floe,
          fedhas_altar_fruit_tree, hangedman_abyss_entry_splay,
          grunt_pan_entry_zigzag, serial_bayou_pond_c, dreamdust_wasp_nest
Depths:4: evilmike_zot_entry_round, layout_cave_shapes, enter_ziggurat_a,
          hellmonk_ghost_happy_afterlife, pan_entry, abyss_entry, tso_altar,
          hell_entry, minmay_shop_grove
Zot:1:    layout_gridlike
Zot:2:    grunt_twist_and_shout, layout_onion_interference,
          lemuel_baited_zot_trap, bh_zot_lava_cross,
          regret_index_zotdec_glowing_original, st_small_dragon_hoard_5,
          regret_index_zotdec_stipple_waver, hangedman_hellfire_club
Zot:3:    gammafunk_mikee_crab_dinner, layout_onion, grunt_megastairs_4
Zot:4:    layout_onion_interference, nicolae_diode_basic, uniq_parghit
Zot:5:    layout_twisted_circle

Skill      XL: |  1  2  3  4  5  6  7  8  9 10 11 12 13 14 15 16 17 18 19 20 21 22 23 24 25 26 |
---------------+-------------------------------------------------------------------------------+-----
Polearms       | 3 4 5 6 7 9 12 14 17 19 20 21 23 25 26 27 | 27.0
Fighting       | 4 5 6 7 9 10 12 13 17 20 21 23 24 25 | 25.4
Dodging        | 9 15 18 21 24 27 | 27.0
Shields        | 6 12 13 14 15 17 18 22 25 26 | 26.1
Armour         | |  2.1

Action                     |  1- 3 |  4- 6 |  7- 9 | 10-12 | 13-15 | 16-18 | 19-21 | 22-24 | 25-27 || total
---------------------------+-------+-------+-------+-------+-------+-------+-------+-------+-------++-------
  Melee: Trident           |    93 |   100 |   201 |       |  1288 |  1744 |   352 |       |       ||  3778
         Halberd           |       |       |   135 |   709 |    65 |       |       |       |       ||   909
         Tailslap          |       |       |       |     5 |    25 |       |       |       |       ||    30
         Demon trident     |       |       |       |       |       |       |  1289 |  1256 |   392 ||  2937
  Throw: Javelin           |       |       |       |     7 |       |       |       |       |       ||     7
 Invoke: Potion Petition   |       |       |       |     4 |       |       |     1 |     2 |       ||     7
         Call Merchant     |       |       |       |     1 |     1 |       |     3 |       |       ||     5
         Bribe Branch      |       |       |       |       |       |       |       |       |     2 ||     2
  Evoke: Wand              |       |       |    10 |    18 |    24 |    17 |     2 |     1 |       ||    72
         Phantom mirror    |       |       |       |     3 |     1 |     2 |       |       |       ||     6
    Use: Scroll            |     5 |     6 |     6 |    12 |    27 |     5 |    15 |     7 |    12 ||    95
         Potion            |       |     1 |       |    22 |     7 |     3 |     6 |     3 |     5 ||    47
   Stab: Distracted        |       |       |     1 |     3 |     3 |    17 |     9 |    46 |    10 ||    89
         Invisible         |       |       |       |     3 |       |       |     3 |       |       ||     6
         Sleeping          |       |       |       |       |       |     1 |       |       |       ||     1
 Armour: Scale mail        |    25 |    20 |   107 |   521 |   262 |       |       |       |       ||   935
         Skin              |       |       |       |    69 |       |       |       |       |       ||    69
         Troll leather arm |       |       |       |       |   185 |   520 |   378 |       |       ||  1083
         Crystal plate arm |       |       |       |       |       |       |   329 |   362 |   123 ||   814
         Gold dragon scale |       |       |       |       |       |       |       |       |    38 ||    38
  Dodge: Dodged            |    35 |    36 |   122 |   235 |   412 |   433 |   345 |   119 |    76 ||  1813
  Block: Buckler           |    10 |    12 |    27 |       |   239 |       |       |       |       ||   288
         Reflection        |       |       |       |       |     3 |       |       |       |       ||     3
         Kite shield       |       |       |       |       |    82 |   883 |   838 |   373 |   169 ||  2345

Table legend: (Time is in decaauts)
 A = Elapsed time spent in this place.
 B = Non-inter-level travel time spent in this place.
 C = Inter-level travel time spent in this place.
 D = Time resting spent in this place.
 E = Time spent auto-exploring this place.
 F = Levels seen in this place.
 G = Mean time per level.
                   A        B        C        D        E       F      G
               +--------+--------+--------+--------+--------+-----+--------+
         Total |  46947 |  41449 |   5498 |   1546 |  29085 |  56 |  838.3 |
       Dungeon |  15418 |  13149 |   2269 |    823 |   9528 |  15 | 1027.9 |
        Temple |     34 |      2 |     32 |      0 |      0 |   1 |   34.0 |
          Lair |   7249 |   6450 |    799 |    174 |   5089 |   5 | 1449.8 |
        Shoals |   2463 |   2151 |    312 |     53 |   1181 |   4 |  615.8 |
     Snake Pit |   4620 |   4337 |    283 |     75 |   2789 |   4 | 1155.0 |
  Orcish Mines |   1681 |   1380 |    301 |      0 |   1047 |   2 |  840.5 |
   Elven Halls |   2933 |   2328 |    605 |     40 |   1653 |   3 |  977.7 |
        Vaults |   6341 |   6092 |    249 |    226 |   4325 |   5 | 1268.2 |
        Depths |   3849 |   3485 |    364 |     43 |   2417 |   4 |  962.2 |
           Zot |   1046 |    767 |    279 |     78 |    343 |   5 |  209.2 |
      Ziggurat |    166 |    166 |      0 |      0 |     79 |   5 |   33.2 |
        Bazaar |     38 |     38 |      0 |      0 |     24 |   1 |   38.0 |
        Wizlab |    768 |    768 |      0 |     19 |    464 |   1 |  768.0 |
      Gauntlet |    334 |    334 |      0 |     12 |    142 |   1 |  334.0 |
               +--------+--------+--------+--------+--------+-----+--------+

Top non-repeatable levels by time:
     D:8: 2174 daAuts
  Lair:5: 2067 daAuts
    D:12: 1842 daAuts
 Snake:1: 1615 daAuts
  Lair:1: 1473 daAuts
Vaults:2: 1429 daAuts
  Lair:4: 1399 daAuts
Vaults:3: 1343 daAuts
     D:6: 1296 daAuts
   Elf:3: 1267 daAuts
Vaults:5: 1257 daAuts
  Lair:3: 1252 daAuts
Depths:2: 1240 daAuts
   Orc:2: 1231 daAuts
    D:10: 1188 daAuts
